 Dungeon Crawl Stone Soup version 0.31-a0-981-geadf994542 (webtiles) character file.

Game seed: 15344452789877479096

541 Crescendo the Trooper (level 7, 0/54 HPs)
             Began as a Demonspawn Monk on Oct 31, 2023.
             Was a Believer of Wu Jian.
             Slain by Grinder (1 damage)
             ... on level 5 of the Dungeon.
             The game lasted 00:06:36 (2646 turns).

Crescendo the Trooper (Demonspawn Monk)             Turns: 2646, Time: 00:06:36

Health: 0/54       AC: 13    Str: 12    XL:     7   Next: 5%
Magic:  7/7        EV:  7    Int: 11    God:    Wu Jian [**....]
Gold:   208        SH:  0    Dex: 17    Spells: 6/6 levels left

rFire   . . .        a - +1 falchion
rCold   . . .        d - orb {light}
rNeg    . . .        i - +0 chain mail
rPois   .            (no helmet)
rElec   .            (no cloak)
rCorr   .            e - +1 pair of gloves
SInv    .            (no boots)
Will    .....        (no amulet) Stlth
                     (no ring)
HPRegen 0.29/turn    (no ring)
MPRegen 0.10/turn

%: no passive effects
@: glowing
A: hooves 1, molten scales 1
a: Renounce Religion, Wall Jump


You were on level 5 of the Dungeon.
You worshipped Wu Jian.
Wu Jian was pleased with you.
You visited 1 branch of the dungeon, and saw 5 of its levels.
You also visited: Sewer.

You collected 208 gold pieces.

Inventory:

Hand Weapons
 a - a +1 falchion (weapon)
Missiles
 g - 2 boomerangs
 j - 9 poisoned darts (quivered)
Armour
 d - an orb of light (worn)
 e - a +1 pair of gloves (worn)
 i - a +0 chain mail (worn)
Jewellery
 z - a ring of resist corrosion
Wands
 A - a wand of charming (12)
Scrolls
 b - a scroll of poison
 k - a scroll of enchant weapon
 l - a scroll of revelation {unknown}
 m - 2 scrolls of enchant armour
 n - a scroll of amnesia {unknown}
 p - 2 scrolls of identify
 q - a scroll of torment {unknown}
 r - a scroll of immolation {unknown}
 t - 2 scrolls of teleportation {unknown}
 u - 2 scrolls of fear {unknown}
 v - a scroll of brand weapon {unknown}
 w - a scroll of fog
 y - 2 scrolls of blinking
Potions
 h - a potion of degeneration {unknown}
 o - a potion of enlightenment {unknown}
 s - a potion of lignification {unknown}
 x - a potion of haste {unknown}
 B - a potion of magic {unknown}


   Skills:
 + Level 4.3 Fighting
 + Level 3.9 Long Blades
 + Level 2.4 Throwing
 + Level 2.4 Armour
 + Level 3.8 Dodging
 + Level 2.5 Stealth


You had 6 spell levels left.
You didn't know any spells.
Your spell library contained the following spells:

 Spells                   Type           Power      Damage    Failure   Level
 Cigotuvi's Dreadful Rot  Necr/Pois/Air  0%         N/A       100%        2
 Dispel Undead            Necr           0%         3d6       100%        4
 Death Channel            Necr           0%         N/A       100%        6


Dungeon Overview and Level Annotations

Branches:
Dungeon (5/15)             Temple (0/1) D:4           Sewer (visited)

Altars:
Ru
Wu Jian

Annotations:
D:5 Grinder


Innate Abilities, Weirdness & Mutations

You have large cloven feet.
You are partially covered in molten scales. (AC +2)


Message History

Grinder is nearby!
Unknown command.
You feel sick.
You feel sick.
Grinder blinks!
You feel sick.
You feel sick.
You feel sick.
You feel sick.
You are no longer poisoned.
Aiming: Charm
Press: ? - help, Shift-Dir - straight line, f - Grinder
Aim: Grinder, carrying a wand of flame (moderately wounded, chance to affect: 49%) Grinder resists with some effort.
Grinder zaps a wand.
The puff of flame hits you.
* * * LOW HITPOINT WARNING * * *
Aiming: Charm
Press: ? - help, Shift-Dir - straight line, f/p - Grinder
Aim: Grinder, carrying a wand of flame (moderately wounded, chance to affect: 49%) Grinder is charmed.
Unknown command.
You start resting.
Grinder is no longer charmed.
Grinder barely misses you.
You open the door. Grinder hits you but does no damage.
Found an escape hatch in the floor.
Found a pair of gloves.
You spin and attack Grinder.
You hit Grinder. You kick Grinder, but do no damage.
Grinder is moderately wounded.
Grinder barely misses you.
There is an open door here.
Unknown command.
You barely miss Grinder.
Grinder is moderately wounded.
Grinder gestures at you. Pain shoots through your body!
* * * LOW HITPOINT WARNING * * *
You hit Grinder. You kick Grinder.
Grinder is moderately wounded.
Grinder hits you.
You die...
Grinder says, "Now the real fun starts!"

...........#
...........#
.[.........#
......>....#
...........#
...........####
...............
#. #@### . #.5.##
.# ###..#####..#
##.....#..#..
######...........
#...!........#..
#.........##....
#.........# ##.
#......../#


You could see Grinder.

Vanquished Creatures
  Pargi (Sewer)
  An ogre (D:4)
  A phantom (D:5)
  2 scorpions (D:4)
  A hound (D:4)
  5 adders
  2 shadow imps (D:5)
  3 worms
  2 endoplasms
  2 giant cockroaches
  8 goblins
  9 hobgoblins
  2 jackals (D:2)
  2 quokkas
  10 ball pythons
  4 bats
  14 frilled lizards
  8 kobolds
  2 rats
79 creatures vanquished.

Notes
Turn   | Place    | Note
-------+----------+-------------------------------------------
     0 | D:1      | Crescendo the Demonspawn Monk began the quest for the Orb.
     0 | D:1      | Reached XP level 1. HP: 18/18 MP: 1/1
   216 | D:1      | Gained mutation: You have large cloven feet. [demonic
                  | ancestry]
   216 | D:1      | Reached XP level 2. HP: 24/24 MP: 2/2
   667 | D:2      | Reached XP level 3. HP: 29/29 MP: 3/3
   682 | D:2      | Found an ornate altar of the Wu Jian Council.
   699 | D:2      | Became a worshipper of the Wu Jian Council
   699 | D:2      | Reached * piety under Wu Jian
   699 | D:2      | Reached ** piety under Wu Jian
   838 | D:2      | Reached skill level 1 in Stealth
   886 | D:2      | Reached skill level 1 in Throwing
  1070 | D:3      | Reached XP level 4. HP: 35/35 MP: 4/4
  1096 | D:3      | Found a sacrificial altar of Ru.
  1114 | D:3      | Reached skill level 1 in Armour
  1419 | D:4      | Found a glowing drain.
  1430 | Sewer    | Entered a sewer
  1466 | Sewer    | Noticed Pargi
  1480 | Sewer    | Killed Pargi
  1481 | Sewer    | Reached XP level 5. HP: 11/42 MP: 5/5
  1852 | D:4      | Reached XP level 6. HP: 26/48 MP: 6/6
  2182 | D:4      | Found a staircase to the Ecumenical Temple.
  2334 | D:4      | Reached skill level 4 in Fighting
  2563 | D:5      | Entered Level 5 of the Dungeon
  2581 | D:5      | Gained mutation: You are partially covered in molten
                  | scales. (AC +2) [demonic ancestry]
  2581 | D:5      | Reached XP level 7. HP: 21/54 MP: 7/7
  2589 | D:5      | Noticed Grinder
  2592 | D:5      | Paralysed by Grinder for 4 turns
  2645 | D:5      | HP: 1/54 [Grinder/nerve-wracking pain (14)]
  2646 | D:5      | Slain by Grinder

Illustrated notes

Levels and vault maps discovered:
D:1:      onia_arrival_pyramid, layout_rooms, serial_bayou_pond_a
D:2:      layout_rooms, basic_altar, minmay_misc_feat_chi,
          nicolae_grassy_gnolls, uniq_crazy_yiuf_cottage, uniq_jessica,
          uniq_sigmund
D:3:      layout_rooms, nicolae_ru_sacrificial_ziggurat
D:4:      layout_gridville, temple_pool_b, cheibrodos_sewer_entry_drain
D:5:      layout_basic, nicolae_overflow_crystal_walls, interstate_on_off,
          uniq_grinder

Skill      XL: |  1  2  3  4  5  6 |
---------------+-------------------+-----
Dodging        | 3 |  3.8
Long Blades    | 3 |  3.9
Stealth        | 1 2 |  2.5
Throwing       | 1 2 |  2.4
Armour         | 1 2 |  2.4
Fighting       | 4 |  4.3

Action                     |  1- 3 |  4- 6 |  7- 9 || total
---------------------------+-------+-------+-------++-------
  Melee: Falchion          |    96 |   113 |    14 ||   223
         Kick              |    15 |    40 |     8 ||    63
  Throw: Dart              |     9 |     4 |       ||    13
Ability: Lunge             |     5 |    10 |     1 ||    16
         Whirlwind         |     3 |    15 |     1 ||    19
         Wall Jump         |       |     1 |       ||     1
  Evoke: Wand              |       |       |     2 ||     2
    Use: Scroll            |       |       |     6 ||     6
         Potion            |       |       |     1 ||     1
 Armour: Robe              |     5 |       |       ||     5
         Scale mail        |     1 |       |       ||     1
         Chain mail        |    97 |   104 |    24 ||   225
  Dodge: Dodged            |    47 |    46 |     5 ||    98

Table legend: (Time is in decaauts)
 A = Elapsed time spent in this place.
 B = Non-inter-level travel time spent in this place.
 C = Inter-level travel time spent in this place.
 D = Time resting spent in this place.
 E = Time spent auto-exploring this place.
 F = Levels seen in this place.
 G = Mean time per level.
                   A        B        C        D        E       F      G
               +--------+--------+--------+--------+--------+-----+--------+
         Total |   2717 |   2627 |     90 |    132 |   1698 |   6 |  452.8 |
       Dungeon |   2372 |   2282 |     90 |     20 |   1610 |   5 |  474.4 |
         Sewer |    344 |    344 |      0 |    112 |     88 |   1 |  344.0 |
               +--------+--------+--------+--------+--------+-----+--------+

Top non-repeatable levels by time:
     D:4: 852 daAuts
     D:1: 622 daAuts
     D:3: 501 daAuts
   Sewer: 344 daAuts
     D:2: 310 daAuts
     D:5: 85 daAuts
